 Dungeon Crawl Stone Soup version 0.13-a0-2477-geaae114 (webtiles) character file.

168 Rycklaryybbe the Sneak (level 4, -7/35 HPs)
             Began as a Demonspawn Monk on July 19, 2013.
             Mangled by a kobold
             ... wielding a +2,+2 whip of electrocution
              (24 damage)
             ... on Level 2 of the Dungeon.
             The game lasted 00:04:10 (2492 turns).

Rycklaryybbe the Sneak (Demonspawn Monk)            Turns: 2492, Time: 00:04:10

HP  -7/35        AC  3     Str 13      XL: 4   Next: 41%
MP   3/3         EV 13     Int 11      God:
Gold 72          SH  0     Dex 15      Spells:  0 memorised,  3 levels left

Res.Fire  : . . .   See Invis. : .     - Unarmed
Res.Cold  : + . .   Warding    : .   a - +0 robe
Life Prot.: . . .   Conserve   : .   (no shield)
Res.Poison: .       Res.Corr.  : .   (no helmet)
Res.Elec. : .       Clarity    : .   (no cloak)
Sust.Abil.: . .     Spirit.Shd : .   (no gloves)
Res.Mut.  : .       Stasis     : .   (no boots)
Res.Rott. : .       Flight     : .   (no amulet)
Saprovore : . . .                    (no ring)
                                     (no ring)

@: slightly resistant to hostile enchantments, stealthy
A: cold resistance 1, AC +1
a: no special abilities


You were on level 2 of the Dungeon.
You were very hungry.

You visited 1 branch of the dungeon, and saw 2 of its levels.

You collected 72 gold pieces.

Inventory:

Hand weapons
 e - a +0,+0 club (quivered)
 k - a +0,+0 short sword
 l - a cursed +0,-1 club
Missiles
 h - 25 darts
 p - 15 darts of flame
Armour
 a - a +0 robe (worn)
Comestibles
 b - 2 bread rations
Scrolls
 d - a scroll of fog {unknown}
 g - 2 scrolls of remove curse {unknown}
 i - 2 scrolls of magic mapping {unknown}
 j - 2 scrolls of identify {unknown}
 o - 2 scrolls of enchant weapon II {unknown}
Potions
 c - a potion of restore abilities {unknown}
 f - a potion of beneficial mutation {unknown}
 n - a potion of curing {unknown}
 r - a potion of might {unknown}


   Skills:
 - Level 3.0 Fighting
 - Level 2.6 Dodging
 * Level 4.6 Stealth
 - Level 3.6 Unarmed Combat


You had 3 spell levels left.
You didn't know any spells.

Dungeon Overview and Level Annotations

Branches:
Dungeon (2/27)

Altars:


Innate Abilities, Weirdness & Mutations

You are partially covered in rugged brown scales (AC +1, +3% HP).
Your flesh is cold resistant.


Message History

The goblin is heavily wounded.
The goblin barely misses you.
You closely miss the goblin.
The goblin is heavily wounded.
The goblin hits you but does no damage.
You hit the goblin.
The goblin is severely wounded.
The goblin hits you.
You closely miss the goblin.
The goblin is severely wounded.
The goblin misses you.
You hit the goblin.
You kill the goblin!
The kobold hits you with a glowing whip.
You are electrocuted!
You see here a goblin corpse.
You barely miss the kobold. The kobold hits you but does no damage.
You are electrocuted!
Ouch! That really hurt!
You die...

...........# #....#
###.######## ##.### #
#.....# #.. #####.######
##.# ###.........#
###+### ##...........#
#.....# #..#.........#
#.....#
..##.........######.....#
####.........##.@K'.....#
# #............###.....#
#.........#### #.....#
#.........# ###+###
#.........# ###########


You could see a kobold.

Vanquished Creatures
  3 adders (D:2)
  An inept feature mimic (D:2)
  A giant mite (D:2)
  A worm (D:2)
  3 giant geckos
  4 giant cockroaches
  3 hobgoblins
  4 jackals (D:2)
  4 kobolds
  7 bats
  2 giant newts (D:2)
  8 goblins
  9 rats
50 creatures vanquished.

Notes
Turn   | Place    | Note
--------------------------------------------------------------
     0 | D:1      | Rycklaryybbe, the Demonspawn Monk, began the quest for the Orb.
     0 | D:1      | Reached XP level 1. HP: 16/16 MP: 0/0
   208 | D:1      | Gained mutation: You are partially covered in rugged brown scales (AC +1, +3% HP). [demonic ancestry]
   208 | D:1      | Reached XP level 2. HP: 16/22 MP: 1/1
  1140 | D:2      | Gained mutation: Your flesh is cold resistant. [demonic ancestry]
  1140 | D:2      | Reached XP level 3. HP: 19/28 MP: 2/2
  1715 | D:2      | Reached skill level 4 in Stealth
  1898 | D:2      | Reached XP level 4. HP: 18/35 MP: 3/3
  2492 | D:2      | Mangled by a kobold

Action                   |  1- 3 |  4- 6 || total
-------------------------+-------+-------++-------
Melee: Unarmed           |    94 |    57 ||   151
       Short sword       |    55 |       ||    55
Throw: Club              |     2 |       ||     2
       Dart              |     6 |       ||     6
 Stab: Sleeping          |     5 |     2 ||     7
       Distracted        |     1 |       ||     1
